 Dungeon Crawl Stone Soup version 0.27-a0-686-gaed091b46b (webtiles) character file.

Game seed: 3481699685807814414

983 rednaxela the Thaumaturge (level 7, -7/46 HPs)
             Began as a Mummy Necromancer on Mar 20, 2021.
             Was an Initiate of Sif Muna.
             Mangled by a wyvern zombie (11 damage)
             ... on level 6 of the Dungeon.
             The game lasted 00:24:57 (8317 turns).

rednaxela the Thaumaturge (Mummy Necromancer)       Turns: 8317, Time: 00:24:58

Health: -7/46      AC: 14    Str: 11      XL:     7   Next: 96%
Magic:  18/20      EV: 12    Int: 17      God:    Sif Muna [......]
Gold:   78         SH:  0    Dex: 11 (12) Spells: 20/25 levels left

rFire    x . .     SeeInvis .   l - +3 flail (protect)
rCold    + . .     Faith    .   (no shield)
rNeg     + + +     Spirit   .   a - +0 robe
rPois    ∞         Reflect  .   (no helmet)
rElec    .         Harm     .   p - +0 cloak
rCorr    .         Rampage  .   (no gloves)
Will     +....                  (no boots)
Stlth    ++........             (no amulet)
HPRegen  0.15/turn              i - ring of willpower
MPRegen  0.17/turn              q - +4 ring of protection

@: protection aura
A: cold resistance 1, negative energy resistance 3, torment resistance 2,
unbreathing 1, heat vulnerability 1, no potions
a: Renounce Religion


You were on level 6 of the Dungeon.
You worshipped Sif Muna.
Sif Muna was noncommittal.
You visited 2 branches of the dungeon, and saw 7 of its levels.

You collected 223 gold pieces.
You spent 145 gold pieces at shops.

Inventory:

Hand Weapons
 l - a +3 flail of protection (weapon)
   (You found it on level 2 of the Dungeon)
 n - a +0 fustibalus
   (You found it on level 4 of the Dungeon)
Missiles
 j - 9 poisoned darts (quivered)
Armour
 a - a +0 robe (worn)
 p - a +0 cloak (worn)
   (You found it on level 4 of the Dungeon)
Jewellery
 i - a ring of willpower (right hand)
   (You found it on level 2 of the Dungeon)
 q - a +4 ring of protection (left hand)
   (You found it on level 5 of the Dungeon)
Wands
 o - a wand of polymorph (3)
   (You found it on level 4 of the Dungeon)
Scrolls
 b - 3 scrolls of vulnerability
 c - a scroll of silence
 d - a scroll of torment
 f - a scroll of enchant armour
 g - 2 scrolls of teleportation {@r3 !r}
 h - a scroll of immolation
 k - a scroll of fear {!r}
 m - 3 scrolls of enchant weapon
 r - 3 scrolls of identify {@r1}


   Skills:
 - Level 1.7 Dodging
 - Level 1.8 Stealth
 + Level 9.8 Spellcasting
 - Level 6.0 Necromancy


You had 20 spell levels left.
You knew the following spells:

 Your Spells              Type           Power      Damage    Failure   Level
a - Pain                  Necr           100%       1d9       1%          1
b - Animate Skeleton      Necr           56%        N/A       1%          1
c - Vampiric Draining     Necr           14%        2d8       2%          3

Your spell library contained the following spells:

 Spells                   Type           Power      Damage    Failure   Level
 Animate Dead             Necr           14%        N/A       8%          4
 Agony                    Necr           28%        N/A       21%         5


Dungeon Overview and Level Annotations

Branches:
Dungeon (6/15)             Temple (1/1) D:5

Altars:
Ashenzari
Cheibriados
Dithmenos
Elyvilon
Hepliaklqana
Kikubaaqudgha
Nemelex Xobeh
Ru
Sif Muna
Trog
Uskayaw
Wu Jian
Yredelemnul
The Shining One

Shops:
D:2 !   D:5 ?

Annotations:
D:5 exclusion: ice beast
D:6 exclusions: gnoll sergeant and ice beast


Innate Abilities, Weirdness & Mutations

You are immune to poison.
Your flesh is cold resistant. (rC+)
You are immune to negative energy. (rN+++)
You are immune to unholy pain and torment.
You can survive without breathing.
You are vulnerable to heat. (rF-)
You do not drink.


Message History

You thump the centaur skeleton!
The centaur skeleton is moderately damaged.
A wyvern zombie comes into view.
The bullfrog hits you but does no damage.
Casting: Vampiric Draining (dangerous; 2% risk of failure)
Confirm with . or Enter, or press ? or * to list all spells.
Aiming: Pain (safe; 1% risk of failure)
Press: ? - help, Shift-Dir - straight line, f - bullfrog
Aim: a bullfrog (chance to affect: 84%)
The bullfrog writhes in agony.
The bullfrog hits you but does no damage. x2
Casting: Pain (safe; 1% risk of failure)
Confirm with . or Enter, or press ? or * to list all spells.
Aiming: Pain (safe; 1% risk of failure)
Press: ? - help, Shift-Dir - straight line, f/p - bullfrog
Aim: a bullfrog (lightly wounded, chance to affect: 84%)
The bullfrog barely resists.
The bullfrog hits you but does no damage.
Casting: Pain (safe; 1% risk of failure)
Confirm with . or Enter, or press ? or * to list all spells.
Aiming: Pain (safe; 1% risk of failure)
Press: ? - help, Shift-Dir - straight line, f/p - bullfrog
Aim: a bullfrog (lightly wounded, chance to affect: 84%)
The bullfrog writhes in agony!
The bullfrog hits you.
* * * LOW HITPOINT WARNING * * *
The bullfrog closely misses you.
Casting: Pain (safe; 1% risk of failure)
Confirm with . or Enter, or press ? or * to list all spells.
Aiming: Pain (safe; 1% risk of failure)
Press: ? - help, Shift-Dir - straight line, f/p - bullfrog
Aim: a bullfrog (heavily wounded, chance to affect: 84%)
The bullfrog writhes in agony.
The bullfrog hits you.
* * * LOW HITPOINT WARNING * * *
Casting: Pain (safe; 1% risk of failure)
Confirm with . or Enter, or press ? or * to list all spells.
Aiming: Pain (safe; 1% risk of failure)
Press: ? - help, Shift-Dir - straight line, f/p - bullfrog
Aim: a bullfrog (severely wounded, chance to affect: 84%)
The bullfrog writhes in agony.
The bullfrog hits you.
* * * LOW HITPOINT WARNING * * *
The bullfrog hits you but does no damage.
You sock the bullfrog!
Your weapon exudes an aura of protection.
You kill the bullfrog!
The centaur skeleton hits you but does no damage.
You feel your dexterity returning.
You thump the centaur skeleton!
The centaur skeleton is severely damaged.
The centaur skeleton hits you.
* * * LOW HITPOINT WARNING * * *
You hit the centaur skeleton.
The centaur skeleton is almost destroyed.
The centaur skeleton misses you.
The centaur skeleton hits you but does no damage.
You thump the centaur skeleton!
You destroy the centaur skeleton!
The wyvern zombie bites you but does no damage.
You hit the wyvern zombie but do no damage.
The wyvern zombie closely misses you. The wyvern zombie bites you.
* * * LOW HITPOINT WARNING * * *
You barely miss the wyvern zombie.
The wyvern zombie bites you but does no damage. x2
You sock the wyvern zombie!
The wyvern zombie is lightly damaged.
The wyvern zombie bites you but does no damage.
You thump the wyvern zombie!
The wyvern zombie is moderately damaged.
The wyvern zombie bites you but does no damage.
The wyvern zombie barely misses you.
You hit the wyvern zombie.
The wyvern zombie is heavily damaged.
The wyvern zombie closely misses you. The wyvern zombie barely misses you.
You hit the wyvern zombie but do no damage.
The wyvern zombie is heavily damaged.
The wyvern zombie bites you but does no damage.
The wyvern zombie completely misses you.
You hit the wyvern zombie.
The wyvern zombie is heavily damaged.
The wyvern zombie bites you!
* * * LOW HITPOINT WARNING * * *
The wyvern zombie bites you but does no damage.
You sock the wyvern zombie!
The wyvern zombie is severely damaged.
The wyvern zombie bites you but does no damage. x2
You sock the wyvern zombie!
The wyvern zombie is almost destroyed.
The wyvern zombie completely misses you.
You hit the wyvern zombie but do no damage.
The wyvern zombie is almost destroyed.
The wyvern zombie closely misses you.
The wyvern zombie bites you but does no damage.
You barely miss the wyvern zombie.
The wyvern zombie is almost destroyed.
The wyvern zombie bites you but does no damage.
The wyvern zombie bites you!
* * * LOW HITPOINT WARNING * * *
You hit the wyvern zombie.
The wyvern zombie is almost destroyed.
The wyvern zombie bites you!
You die...

#....########...##
#....+........#.#
#....########.#.#
#.............#.#
#.............#.#
#....########.#.#
#...Z##.ZF......#
#Z#.....#####.###
#@####..# ...
#.......# ..# #.#
##.##.#.# .# #.# #
#.#.# #.# #.# #
#.# ..# # #.# ###
#.###.# #.....####
#..<....


You could see a wyvern zombie.

Vanquished Creatures
  2 ogres (D:5)
  A centaur (D:5)
  A phantom (Temple)
  2 bullfrogs
  A scorpion (D:5)
  A quasit (D:6)
  A bullfrog zombie (D:6)
  A bullfrog skeleton (D:5)
  A centaur skeleton (D:6)
  2 orc wizards
  3 worker ants
  A killer bee zombie (D:5)
  5 gnolls
  5 adders
  2 white imps (D:5)
  An ufetubus (D:5)
  An ooze (D:3)
  2 adder skeletons (D:5)
  2 worms
  2 dart slugs
  3 leopard geckos
  11 orcs
  2 ball pythons
  4 giant cockroaches
  7 goblins
  6 hobgoblins
  6 jackals
  6 kobolds
  2 quokkas (D:1)
  9 bats
  10 frilled lizards
  A quokka skeleton (D:6)
  6 rats
110 creatures vanquished.

Notes
Turn   | Place    | Note
-------+----------+-------------------------------------------
     0 | D:1      | rednaxela the Mummy Necromancer began the quest for the
                  | Orb.
     0 | D:1      | Reached XP level 1. HP: 13/13 MP: 4/4
   201 | D:1      | Reached XP level 2. HP: 19/19 MP: 1/5
   209 | D:1      | Reached skill level 3 in Spellcasting
  1157 | D:1      | Reached XP level 3. HP: 24/24 MP: 5/7
  1321 | D:1      | Learned a level 1 spell: Animate Skeleton
  1325 | D:1      | Learned a level 3 spell: Vampiric Draining
  1553 | D:2      | Found Veiluakk's Distillery.
  1989 | D:2      | Reached skill level 4 in Spellcasting
  2213 | D:2      | Reached XP level 4. HP: 29/30 MP: 8/10
  2703 | D:2      | Reached skill level 5 in Necromancy
  2972 | D:3      | Found a basalt altar of Yredelemnul.
  3786 | D:3      | Reached XP level 5. HP: 35/35 MP: 8/12
  4415 | D:4      | Found a hide-covered altar of Uskayaw.
  4472 | D:5      | Entered Level 5 of the Dungeon
  4598 | D:4      | Reached skill level 5 in Spellcasting
  5602 | D:5      | Reached XP level 6. HP: 41/41 MP: 14/14
  5634 | D:5      | Noticed an ice beast
  5751 | D:5      | Found a shadowy altar of Dithmenos.
  5961 | D:5      | Found Laza's Magic Scroll Shop.
  5969 | D:5      | Bought a scroll of teleportation for 30 gold pieces
  5969 | D:5      | Bought a scroll of identify for 20 gold pieces
  5969 | D:5      | Bought a scroll of identify for 20 gold pieces
  5969 | D:5      | Bought a scroll of identify for 20 gold pieces
  5969 | D:5      | Bought a scroll of identify for 20 gold pieces
  5973 | D:5      | Bought a scroll of fear for 35 gold pieces
  6093 | D:5      | Found a staircase to the Ecumenical Temple.
  6103 | Temple   | Entered the Ecumenical Temple
  6134 | Temple   | Became a worshipper of Sif Muna the Loreminder
  6267 | D:5      | Found a sparkling altar of Nemelex Xobeh.
  6322 | D:5      | Reached skill level 6 in Spellcasting
  6322 | D:5      | Reached skill level 6 in Necromancy
  6683 | D:5      | Reached skill level 7 in Spellcasting
  6716 | D:5      | Reached XP level 7. HP: 31/46 MP: 18/18
  7436 | D:5      | Reached skill level 8 in Spellcasting
  8070 | D:5      | Reached skill level 9 in Spellcasting
  8317 | D:6      | Mangled by a wyvern zombie

Illustrated notes

Levels and vault maps discovered:
D:1:      tarquinn_simple_flora_water_d, layout_basic,
          amcnicky_mini_rare_corridor_liquid
D:2:      layout_loops_corners, serial_shops, shop_fountains,
          amcnicky_mini_pool_small
D:3:      layout_basic, nicolae_overflow_crystal_walls
D:4:      layout_basic, nicolae_overflow_hidden_temple, serial_glass,
          glass_columns_a, glass_columns_b
D:5:      layout_basic, overflow_temple_1_default, lemuel_doored_altar,
          minmay_temple_entry_proselytizer, serial_shops, shop,
          grunt_ministairs_12, hangedman_decor_growths,
          hangedman_decor_riveting, kennysheep_generic_room_8
D:6:      minmay_diamond_boxcup, layout_basic,
          pdpol_temple_overflow_zin_treasury_gozag_greed, kennysheep_mini,
          guppyfry_early_elven_hall, uniq_prince_ribbit1
Temple:   zaba_magenta_temple

Skill      XL: |  1  2  3  4  5  6  7 |
---------------+----------------------+-----
Spellcasting   | 3 4 5 7 9 |  9.8
Necromancy     | 5 6 |  6.0
Dodging        | |  1.7
Stealth        | |  1.8

Action                   |  1- 3 |  4- 6 |  7- 9 || total
-------------------------+-------+-------+-------++-------
Melee: Club              |     2 |       |       ||     2
       Spear             |     2 |       |       ||     2
       Flail             |       |    41 |    59 ||   100
Throw: Dart              |       |    25 |       ||    25
 Cast: Pain              |    74 |    87 |    24 ||   185
       Vampiric Draining |       |       |     4 ||     4
Evoke: Wand              |       |     3 |     4 ||     7
  Use: Scroll            |       |     8 |     1 ||     9
 Stab: Sleeping          |       |     1 |       ||     1
Armor: Robe              |     5 |    17 |    78 ||   100
Dodge: Dodged            |     7 |    39 |   105 ||   151

Table legend: (Time is in decaauts)
 A = Elapsed time spent in this place.
 B = Non-inter-level travel time spent in this place.
 C = Inter-level travel time spent in this place.
 D = Time resting spent in this place.
 E = Time spent auto-exploring this place.
 F = Levels seen in this place.
 G = Mean time per level.
                   A        B        C        D        E       F      G
               +--------+--------+--------+--------+--------+-----+--------+
         Total |   8368 |   7951 |    417 |   1240 |   5001 |   7 | 1195.4 |
       Dungeon |   8127 |   7740 |    387 |   1240 |   4811 |   6 | 1354.5 |
        Temple |    241 |    211 |     30 |      0 |    190 |   1 |  241.0 |
               +--------+--------+--------+--------+--------+-----+--------+

Top non-repeatable levels by time:
     D:5: 2047 daAuts
     D:1: 1531 daAuts
     D:4: 1510 daAuts
     D:2: 1476 daAuts
     D:3: 1362 daAuts
  Temple: 241 daAuts
     D:6: 199 daAuts
